Zazza, neutral female human Tourist -------------- -------- + .............| ------------- ##........ # .............| |...........| # |......| # ......... |...........+ #####.......| #.... |.<..%......| ## |......-######### |.......[...| ######### |......| ###### ------.------ ## |......| # # #### ###### -------- # ### # #----- # # ### # #|...| # ###-------- # # #....| # #.......| ### ###|...| # |......| # ###-...| # |......| ----.--- #### |...| ### #-......| |......| ## ----- -------- # ###|......| |.......### |......$ s # -------- |....>.| |........-###### -------- --------- Zazza the Rambler Experience level: 1 Strength: 10 Dexterity: 10 Constitution: 18 Intelligence: 14 Wisdom: 8 Charisma: 16 Health: 0(10) Energy: 2(2) Def: -1 Gold: 1262 Moves: 1927 Dungeon seed: 88P2ofE4GH8Dq7V8 Game ID: Zazza_1619423163 Your Inventory: Coins $ - 1262 gold pieces Weapons a - 37 +2 darts (in quiver) p - 3 +0 orcish daggers (wielded) u - 8 +0 shuriken I - a blessed +1 orcish dagger Armor e - an uncursed +0 Hawaiian shirt (being worn) q - an uncursed +0 pair of gauntlets of dexterity r - an uncursed +0 orcish helm y - an uncursed +0 orcish helm z - a cursed -2 cloak of invisibility (being worn) Comestibles b - 3 uncursed eggs c - 2 uncursed slime molds f - 3 uncursed food rations h - an uncursed tripe ration Scrolls k - 3 uncursed scrolls of magic mapping E - an uncursed scroll of enchant weapon Spellbooks H - an uncursed spellbook of cure sickness Potions i - an uncursed potion of extra healing j - a blessed potion of extra healing v - a blessed potion of restore ability w - a cursed potion of sleeping Rings x - an uncursed ring of searching Wands F - a wand of sleep (0:3) Tools l - an expensive camera (0:54) m - an uncursed credit card n - a magic marker (0:54) o - an uncursed stethoscope s - an uncursed magic whistle t - an uncursed towel G - an uncursed oil lamp (lit) (0:851) Spells and supernatural/magical abilities: Name Level Category Fail Memory W - pray for help -- divine ? -- Your skills at the end: Fighting Skills Weapon Skills dart [Basic] Spellcasting Skills Final Attributes: You were nominally aligned. You were invisible. You were lucky. You are dead. Vanquished creatures: a giant bat 4 orc zombies a werejackal an iguana an acid blob a brown mold 2 jackals a fox 2 kobolds 5 goblins 12 grid bugs 3 lichens 2 kobold zombies 6 newts 42 creatures vanquished. Voluntary challenges: You used a wielded weapon 5 times, starting on turn 597. You read items or engraved 11 times, starting on turn 51. You never genocided any monsters. You never polymorphed an object. You never changed form. You used no wishes. You never split a pudding. You wrote Elbereth's name 4 times, starting on turn 52. You never violated your personal moral code. Dungeon overview: The Dungeons of Doom: levels 1 to 5 Level 1 a long staircase Level 2 Level 3 a fountain Level 4 a fountain Level 5 <- You were here History has recorded: On T:1 you entered the Dungeons of Doom to retrieve the Amulet of Yendor! On T:480 you reached level 2 of The Dungeons of Doom. On T:725 you reached level 3 of The Dungeons of Doom. On T:1037 you reached level 4 of The Dungeons of Doom. On T:1535 you reached level 5 of The Dungeons of Doom. Score breakdown: Gold: 492 ( 9160 points) Experience: 1 level ( 0 points) Exploration: 5 levels ( 10.00%) ( 8571 points) Discoveries: 4 items ( 1.34%) ( 3475 points) Valuables value: (no points given unless you survive) Artifact value: 0 ( 0 points) Variety of kills: 14 monsters ( 3.67%) ( 5750 points) Turncount: 1927 turns ( 0 points) Survival: died (score multiplied by 80%) Total score: 21564 Latest messages: The sleep ray hits the werejackal. The sleep ray bounces! The sleep ray hits it. You hear some noises. You hear some noises in the distance. The cave spider bites! You miss the cave spider. The cave spider bites! You hear some noises. You miss the cave spider. The cave spider bites! You miss the cave spider. The cave spider just misses! You hit the cave spider. The cave spider bites! You miss the cave spider. The cave spider bites! You miss the cave spider. The cave spider bites! You miss the cave spider. The cave spider bites! You die... Final status: Aloha Zazza the Tourist, killed by a cave spider... You died in The Dungeons of Doom on dungeon level 5 with 21564 points, and 1262 pieces of gold, after 1927 moves. You were level 1 with a maximum of 10 hit points when you died.